 Dungeon Crawl Stone Soup version 0.31.0-32-g396128a36d (webtiles) character file.

Game seed: 7633072568667370069

86 PaiMei the Grave Robber (level 4, 0/32 HPs)
             Began as a Demonspawn Necromancer on Mar 30, 2024.
             Slain by a sky beast (5 damage)
             ... on level 3 of the Dungeon.
             The game lasted 00:03:09 (2063 turns).

PaiMei the Grave Robber (Demonspawn Necromancer)    Turns: 2063, Time: 00:03:09

Health: 0/32       AC:  8    Str:  8    XL:     4   Next: 27%
Magic:  6/8        EV: 12    Int: 23    God:
Gold:   68         SH:  0    Dex: 14    Spells: 4/8 levels left

rFire   . . .        d - +0 whip
rCold   . . .        (no shield)
rNeg    . . .        a - +0 robe
rPois   .            (no helmet)
rElec   .            (no cloak)
rCorr   .            (no gloves)
SInv    .            (no boots)
Will    +....        (no amulet)
Stlth   ++           g - +6 ring of intelligence
HPRegen 0.25/turn    m - ring of willpower
MPRegen 0.11/turn

%: no passive effects
@: sanguine armoured
A: foul stench 1, powered by pain 1, sanguine armour 1
a: no special abilities


You were on level 3 of the Dungeon.
You visited 1 branch of the dungeon, and saw 3 of its levels.

You collected 68 gold pieces.

Inventory:

Hand Weapons
 d - a +0 whip (weapon)
Missiles
 k - 5 poisoned darts (quivered)
Armour
 a - a +0 robe (worn)
Jewellery
 g - a +6 ring of intelligence (left hand)
 m - a ring of willpower (right hand)
Scrolls
 e - 2 scrolls of fear {unknown}
 f - a scroll of silence {unknown}
 l - a scroll of revelation {unknown}
 r - 2 scrolls of identify {unknown}
Potions
 b - a potion of magic
 c - a potion of heal wounds {unknown}
 h - 3 potions of degeneration {unknown}
 i - a potion of resistance {unknown}
 j - a potion of curing {unknown}
 n - a potion of might {unknown}
 o - a potion of brilliance {unknown}
 p - a potion of lignification {unknown}
 q - a potion of berserk rage {unknown}


   Skills:
 + Level 1.5 Fighting
 + Level 2.5 Dodging
 - Level 2.0 Stealth
 + Level 2.7 Spellcasting
 + Level 5.0 Necromancy


You had 4 spell levels left.
You knew the following spells:

 Your Spells              Type           Power      Damage    Failure   Level
a - Necrotise             Necr           100%       1d9       1%          1
b - Vampiric Draining     Necr           26%        2d7       4%          3

Your spell library contained the following spells:

 Spells                   Type           Power      Damage    Failure   Level
 Freeze                   Ice            12%        1d3       12%         1
 Sting                    Conj/Alch      12%        1d3       12%         1
 Animate Dead             Necr           26%        N/A       16%         4
 Ensorcelled Hibernation  Hex/Ice        6%         N/A       19%         2
 Lesser Beckoning         Tloc           6%         N/A       19%         2
 Mercury Vapours          Alch/Air       6%         N/A       19%         2
 Gell's Gravitas          Tloc           3%         N/A       34%         3
 Mephitic Cloud           Conj/Alch/Air  3%         N/A       34%         3
 Passwall                 Erth           3%         N/A       34%         3
 Swiftness                Air            3%         N/A       34%         3
 Teleport Other           Tloc           3%         N/A       34%         3
 Airstrike                Air            1%         2d(1-17)  75%         4
 Olgreb's Toxic Radiance  Alch           3%         N/A       75%         4
 Summon Lightning Spire   Summ/Air       3%         N/A       75%         4
 Curse of Agony           Necr           26%        N/A       38%         5


Dungeon Overview and Level Annotations

Branches:
Dungeon (3/15)

Altars:


Innate Abilities, Weirdness & Mutations

You may rarely emit foul miasma when damaged in melee.
You sometimes gain a little power by taking damage.
When seriously injured, your blood forms armour. (AC +6)


Message History

The ufetubus hits you but does no damage.
You closely miss the ufetubus.
The ufetubus is moderately wounded.
The ufetubus hits you but does no damage.
The ufetubus misses you.
The ufetubus hits you but does no damage.
The ufetubus hits you. The ufetubus barely misses you.
The ufetubus closely misses you.
You closely miss the ufetubus.
The ufetubus is moderately wounded.
The ufetubus barely misses you. x2; The sky beast flickers out of sight!
Deactivating autopickup; reactivate with Ctrl-A.
The ufetubus closely misses you. The ufetubus hits you.
You hit the ufetubus.
The ufetubus is heavily wounded.
The ufetubus barely misses you. The ufetubus closely misses you.
The ufetubus barely misses you. The ufetubus closely misses you.
You miss the ufetubus.
The ufetubus is heavily wounded.
A sky beast appears from thin air!
Reactivating autopickup.
The sky beast barely misses you. The ufetubus hits you.
You emit a cloud of foul miasma!
The ufetubus hits you but does no damage.
The sky beast barely misses you.
You hit the ufetubus.
The ufetubus is severely wounded.
The ufetubus misses you. The ufetubus barely misses you.
The ufetubus hits you but does no damage.
The ufetubus hits you.
* * * LOW HITPOINT WARNING * * *
The sky beast hits you but does no damage.
You hit the ufetubus but do no damage.
The ufetubus is severely wounded.
The ufetubus barely misses you. The ufetubus hits you.
* * * LOW HITPOINT WARNING * * *
The sky beast hits you.
* * * LOW HITPOINT WARNING * * *
The sky beast shocks you.
You die...

#.. .. [.# # .. ...
### ## ...###...
.#.## ...###.
......#. .# ..
#..... .........#
#.## ###...
#.g##.#.#
#..#####...
#l5#...#
##.##...|..
#Y##..###..........
#Z@5...##.....####.
####.#.##...### ##
##.#.##...#
#.....#...##
#>.........#
##..#......#
#.....#.....#
..%$..........#
......#####....#


You could see a sky beast, 2 ufetubi, a goblin, a frilled lizard and a friendly
adder skeleton.

Vanquished Creatures
  3 gnolls (D:2)
  An adder (D:3)
  3 dart slugs
  A ball python (D:1)
  7 endoplasms
  3 goblins
  3 hobgoblins
  3 jackals (D:2)
  4 quokkas
  2 bats
  7 kobolds
  2 rats (D:1)
39 creatures vanquished.

Vanquished Creatures (collateral kills)
  A quokka (D:1)
1 creature vanquished.

Grand Total: 40 creatures vanquished

Notes
Turn   | Place    | Note
-------+----------+-------------------------------------------
     0 | D:1      | PaiMei the Demonspawn Necromancer began the quest for the
                  | Orb.
     0 | D:1      | Reached XP level 1. HP: 13/13 MP: 3/3
   247 | D:1      | Gained mutation: You sometimes gain a little power by
                  | taking damage. [demonic ancestry]
   247 | D:1      | Reached XP level 2. HP: 19/19 MP: 3/5
   689 | D:1      | Got the Book of Frore Lightning
   985 | D:2      | Gained mutation: You may rarely emit foul miasma when
                  | damaged in melee. [demonic ancestry]
   985 | D:2      | Reached XP level 3. HP: 25/25 MP: 3/6
   989 | D:2      | Learned a level 3 spell: Vampiric Draining
  1276 | D:2      | Reached skill level 1 in Fighting
  1574 | D:2      | Gained mutation: When seriously injured, your blood forms
                  | armour. (AC +6) [demonic ancestry]
  1574 | D:2      | Reached XP level 4. HP: 32/32 MP: 2/7
  2043 | D:3      | Noticed a sky beast
  2053 | D:3      | Reached skill level 5 in Necromancy
  2063 | D:3      | Slain by a sky beast

Illustrated notes

Levels and vault maps discovered:
D:1:      minmay_arrival_loop, layout_rooms
D:2:      layout_basic
D:3:      layout_rooms, hellmonk_ecumenical_altar_prayer_group

Skill      XL: |  1  2  3  4 |
---------------+-------------+-----
Dodging        | 2 |  2.5
Stealth        | 2 |  2.0
Fighting       | 1 |  1.5
Necromancy     | 5 |  5.0
Spellcasting   | |  2.7

Action                     |  1- 3 |  4- 6 || total
---------------------------+-------+-------++-------
  Melee: Unarmed           |     6 |       ||     6
         Whip              |    30 |    17 ||    47
   Cast: Necrotise         |    67 |    18 ||    85
 Armour: Robe              |    28 |    40 ||    68
  Dodge: Dodged            |    35 |    57 ||    92
